 Dungeon Crawl Stone Soup version 0.28.0-45-g0d030f2227 (webtiles) character file.

Game seed: 12548733192007912542

816 protoss039 the Skirmisher (level 7, -4/44 HPs)
             Began as a Gargoyle Gladiator on Apr 13, 2022.
             Slain by a wight
             ... wielding a +4 trident
              (16 damage)
             ... on level 4 of the Dungeon.
             The game lasted 00:07:14 (4812 turns).

protoss039 the Skirmisher (Gargoyle Gladiator)      Turns: 4812, Time: 00:07:15

Health: -4/44      AC: 12    Str: 20    XL:     7   Next: 94%
Magic:  7/7        EV:  9    Int:  8    God:
Gold:   95         SH:  6    Dex: 11    Spells: 6/6 levels left

rFire   + . .      SeeInvis .   x - +1 flail
rCold   + . .      Faith    .   q - +0 kite shield
rNeg    + . .      Spirit   .   j - +0 ring mail
rPois   ∞          Reflect  .   c - +0 helmet
rElec   +          Harm     .   r - scarf {rC+ rF+}
rCorr   .          Rampage  .   (no gloves)
Will    .....                   (no boots)
Stlth   +.........              (no amulet)
HPRegen 0.14/turn               g - ring of flight
MPRegen 0.10/turn               (no ring)

@: flying
A: sickness immunity, AC +4, negative energy resistance 1, electricity
resistance, torment resistance 1, petrification resistance
a: no special abilities


You were on level 4 of the Dungeon.
You visited 1 branch of the dungeon, and saw 4 of its levels.

You collected 149 gold pieces.
You spent 54 gold pieces at shops.

Inventory:

Hand Weapons
 x - a +1 flail (weapon)
Missiles
 d - 2 throwing nets (quivered)
Armour
 c - a +0 helmet (worn)
 j - a +0 ring mail (worn)
 q - a +0 kite shield (worn)
 r - a scarf of resistance (worn)
Jewellery
 g - a ring of flight (left hand)
Wands
 v - a wand of paralysis (7)
Scrolls
 b - a scroll of fear {unknown}
 e - 4 scrolls of blinking {unknown}
 h - a scroll of summoning {unknown}
 i - a scroll of acquirement {unknown}
 k - 3 scrolls of identify {unknown}
 l - a scroll of enchant weapon {unknown}
 p - a scroll of amnesia {unknown}
 s - a scroll of brand weapon {unknown}
 t - a scroll of torment {unknown}
Potions
 f - a potion of heal wounds {unknown}
 m - a potion of lignification {unknown}
 n - a potion of degeneration {unknown}
 o - a potion of magic {unknown}
 u - a potion of mutation {unknown}
 w - a potion of berserk rage {unknown}


   Skills:
 + Level 5.6 Fighting
 + Level 5.6 Maces & Flails
 - Level 2.0 Throwing
 + Level 4.9 Armour
 - Level 3.0 Dodging


You had 6 spell levels left.
You didn't know any spells.
Your spell library contained the following spells:

 Spells                   Type           Power      Damage    Failure   Level
 Static Discharge         Conj/Air       0%         N/A       98%         2
 Lightning Bolt           Conj/Air       0%         1d11      100%        5
 Maxwell's Capacitive Co  Air            0%         ∞         100%        8


Dungeon Overview and Level Annotations

Branches:
Dungeon (4/15)
 Temple: D:4-7

Altars:
Nemelex Xobeh

Shops:
D:1 (   D:4 [


Innate Abilities, Weirdness & Mutations

You are immune to sickness and miasma.
Your stone body is resilient. (AC +4)
You are immune to poison.
You resist negative energy. (rN+)
You are resistant to electric shocks. (rElec)
You are resistant to unholy torment.
You are immune to petrification.


Message History

The wight is severely damaged.
The wight completely misses you. You block the wight's attack.
You barely miss the wight.
The wight is severely damaged.
You block the wight's attack.
You closely miss the wight.
The wight is severely damaged.
The wight misses you.
You closely miss the wight.
The wight is severely damaged.
The wight hits you with a +4 trident! You block the wight's attack.
You barely miss the wight.
The wight is severely damaged.
The wight barely misses you.
You closely miss the wight.
The wight is severely damaged.
You block the wight's attack.
You closely miss the wight.
The wight is severely damaged.
The wight hits you but does no damage.
You closely miss the wight.
The wight is severely damaged.
The wight hits you with a +4 trident. The wight hits you with a +4 trident!
You closely miss the wight.
The wight is severely damaged.
You block the wight's attack.
You closely miss the wight.
The wight is severely damaged.
The wight hits you with a +4 trident. The wight barely misses you.
You hit the wight.
The wight is severely damaged.
The wight hits you with a +4 trident.
* * * LOW HITPOINT WARNING * * *
You closely miss the wight.
The wight is severely damaged.
You block the wight's attack.
You hit the wight but do no damage.
The wight is severely damaged.
The wight hits you with a +4 trident!
You die...

....# #......# .....#
....# #......#......#
....# #......#......#
....# #......#......#
....# #......#....$.#
....#####'##..##.....#
.......^...#..##.....#
...........+...).....#
...........#..##@....#
...........#..##z....#
...........#...#.....#
....<.)....#...'.....#
..........>#'###.###+#
#########..... #.# #
#.....#..' #
#.....#..# # .....#


You could see a wight.

Vanquished Creatures
  Sigmund (D:3)
  An ogre (D:4)
  A centaur (D:3)
  A phantom (D:3)
  A scorpion (D:4)
  3 wights (D:4)
  A hound (D:4)
  Jessica (D:3)
  An iguana (D:4)
  A hound skeleton (D:4)
  5 adders
  A worm (D:2)
  4 dart slugs
  10 ball pythons
  7 endoplasms
  4 giant cockroaches
  10 hobgoblins
  11 jackals
  4 kobolds
  A quokka (D:3)
  6 bats
  3 frilled lizards
  6 goblins
  7 rats
91 creatures vanquished.

Notes
Turn   | Place    | Note
-------+----------+-------------------------------------------
     0 | D:1      | protoss039 the Gargoyle Gladiator began the quest for the
                  | Orb.
     0 | D:1      | Reached XP level 1. HP: 12/12 MP: 1/1
    50 | D:1      | Reached XP level 2. HP: 8/17 MP: 2/2
   425 | D:1      | Reached XP level 3. HP: 5/22 MP: 3/3
   723 | D:1      | Reached skill level 1 in Armour
   762 | D:1      | Found a faded altar of an unknown god.
  1118 | D:1      | Found Unlait's Weapon Shoppe.
  1866 | D:2      | Reached XP level 4. HP: 27/27 MP: 4/4
  2319 | D:3      | Noticed a centaur
  2325 | D:3      | Killed a centaur
  2326 | D:3      | Reached XP level 5. HP: 15/32 MP: 5/5
  2488 | D:3      | Found a sparkling altar of Nemelex Xobeh.
  2738 | D:3      | Noticed Sigmund
  2759 | D:3      | Killed Sigmund
  2760 | D:3      | Reached XP level 6. HP: 14/39 MP: 6/6
  3142 | D:3      | Noticed Jessica
  3146 | D:3      | Killed Jessica
  3509 | D:3      | Reached XP level 7. HP: 14/44 MP: 7/7
  3851 | D:4      | Reached skill level 5 in Fighting
  3851 | D:4      | Reached skill level 5 in Maces & Flails
  3853 | D:4      | Found Itwaof's Armour Boutique.
  3897 | D:4      | Bought a +0 kite shield for 54 gold pieces
  4812 | D:4      | Slain by a wight

Illustrated notes

Levels and vault maps discovered:
D:1:      elethiomel_arrival_shortcut, layout_loops_corners, serial_shops,
          nicolae_shop_waterfront, hellmonk_ecumenical_altar_blasted
D:2:      layout_loops_ring
D:3:      layout_loops_corners, mainiacjoe_overflow_chevrons, uniq_sigmund,
          uniq_jessica
D:4:      layout_gridville, serial_shops, shop, minmay_box_of_dots

Skill      XL: |  1  2  3  4  5  6  7 |
---------------+----------------------+-----
Throwing       | 2 |  2.0
Armour         | 1 2 3 4 |  4.9
Dodging        | 3 |  3.0
Fighting       | 3 4 5 |  5.6
Maces & Flails | 4 5 |  5.6

Action                   |  1- 3 |  4- 6 |  7- 9 || total
-------------------------+-------+-------+-------++-------
Melee: Flail             |   134 |   116 |    94 ||   344
       Punch             |     4 |       |       ||     4
Throw: Throwing net      |       |     5 |     2 ||     7
 Stab: Held in net/web   |       |       |     1 ||     1
Armor: Leather armour    |    53 |       |       ||    53
       Ring mail         |    29 |    68 |    34 ||   131
Dodge: Dodged            |    98 |    88 |    32 ||   218
Block: Kite shield       |       |       |    25 ||    25
